 Dungeon Crawl Stone Soup version 0.31-a0-968-g24f9ace8b5 (webtiles) character file.

Game seed: 2375521486462457225

6445 Dirtsage the Martial Artist (level 10, 0/72 HPs)
             Began as an Octopode Shapeshifter on Oct 27, 2023.
             Was an Elder of Wu Jian.
             Slain by an orc warrior
             ... wielding a +0 glaive
              (11 damage)
             ... in a bailey on Oct 28, 2023.
             The game lasted 00:28:02 (6944 turns).

Dirtsage the Martial Artist (Octopode Shapeshifter) Turns: 6944, Time: 00:28:04

Health: 0/72       AC:  5    Str: 14    XL:     10   Next: 99%
Magic:  10/10      EV: 13    Int: 18    God:    Wu Jian [****..]
Gold:   508        SH:  0    Dex: 16    Spells: 9/9 levels left

rFire   . .          .
                       - Unarmed
rCold   . . .        (no shield)
rNeg    . . .        (helmet currently unavailable)
rPois   .            y - amulet of regeneration
rElec   .            f - +6 ring of intelligence
rCorr   .            w - +4 ring of protection
SInv    .            (no ring)
Will    .....        (no ring)
Stlth   ++           (no ring)
HPRegen 1.12/turn    (no ring)
MPRegen 0.12/turn    (no ring)
                     (no ring)

%: no passive effects
@: beast-form
A: beast (slay +4), almost no armour, amphibious, 8 rings, camouflage 1,
gelatinous body 1, (nimble swimmer 1), tentacles
a: Begin Untransformation, Renounce Religion, Wall Jump, Serpent's Lash


You were in a bailey.
You worshipped Wu Jian.
Wu Jian was greatly pleased with you.
You were a hulking beast.
You visited 1 branch of the dungeon, and saw 9 of its levels.
You also visited: Bailey.

You collected 508 gold pieces.

Inventory:

Magical Staves
 F - a staff of fire
Jewellery
 f - a +6 ring of intelligence (left tentacle)
 w - a +4 ring of protection (right tentacle)
 y - an amulet of regeneration (around mantle)
Talismans
 b - a beast talisman
 c - a flux talisman
 s - a beast talisman
Wands
 g - a wand of polymorph (22)
 v - a wand of roots (8)
 C - a wand of paralysis (13)
 E - a wand of mindburst (9)
 H - a wand of flame (8)
 I - a wand of quicksilver (9)
Scrolls
 a - 2 scrolls of fog {unknown}
 d - a scroll of torment {unknown}
 e - 4 scrolls of teleportation {unknown}
 i - 3 scrolls of identify
 k - a scroll of blinking {unknown}
 l - 2 scrolls of poison {unknown}
 m - 2 scrolls of fear {unknown}
 n - a scroll of noise {unknown}
 p - 2 scrolls of enchant weapon {unknown}
 r - 2 scrolls of silence {unknown}
 t - a scroll of amnesia {unknown}
 u - a scroll of enchant armour {unknown}
 x - a scroll of revelation {unknown}
 B - 3 scrolls of immolation {unknown}
 J - a scroll of brand weapon {unknown}
Potions
 h - 3 potions of mutation
 j - 2 potions of degeneration
 o - 2 potions of enlightenment
 q - 5 potions of curing
 z - 3 potions of might {unknown}
 A - a potion of cancellation
 D - a potion of attraction
 G - a potion of berserk rage {unknown}


   Skills:
 + Level 8.2 Fighting
 - Level 2.0 Dodging
 * Level 11.9 Unarmed Combat
 + Level 8.1 Shapeshifting


You had 9 spell levels left.
You didn't know any spells.
Your spell library contained the following spells:

 Spells                   Type           Power      Damage    Failure   Level
 Slow                     Hex            0%         N/A       22%         1
 Blink                    Tloc           0%         N/A       32%         2
 Cigotuvi's Dreadful Rot  Necr/Pois/Air  0%         N/A       32%         2
 Ensorcelled Hibernation  Hex/Ice        0%         N/A       32%         2
 Jinxbite                 Hex            0%         N/A       32%         2
 Confusing Touch          Hex            0%         N/A       54%         3
 Ignite Poison            Fire/Tmut/Pois 0%         N/A       54%         3
 Sigil of Binding         Hex            0%         N/A       54%         3
 Tukima's Dance           Hex            0%         N/A       54%         3
 Vampiric Draining        Necr           0%         2d6       54%         3
 Anguish                  Hex/Necr       0%         N/A       91%         4
 Manifold Assault         Tloc           0%         N/A       91%         4
 Alistair's Intoxication  Tmut/Pois      0%         N/A       99%         5
 Freezing Cloud           Conj/Ice/Air   0%         6-21      99%         5


Dungeon Overview and Level Annotations

Branches:
Dungeon (9/15)             Temple (0/1) D:7          Bailey (1/1)
   Lair: D:8-11         Orc: D:9-12

Altars:
Ashenzari
Okawaru
Ru
Wu Jian


Innate Abilities, Weirdness & Mutations

You are a hulking beast.
Your limbs bulge with bestial killing power. (Slay +4)
You cannot wear most types of armour.
You are amphibious.
You can wear up to eight rings at the same time.
Your skin changes colour to match your surroundings (Stealth+).
Your rubbery body absorbs attacks. (AC +1, EV +1)
((You are camouflaged when in or above water. (Stealth+)))
You have tentacles for arms and can constrict up to eight enemies at once.


Message History

An orc warrior comes into view. It is wielding a +0 glaive.
You lunge at the orc warrior.
The orc warrior shouts!
You tentacle-slap the orc warrior. Your grab misses the orc warrior.
The orc warrior is lightly wounded.
You hear a shout! x2
The orc warrior barely misses you.
An orc comes into view. It is wielding a +0 trident.
You closely miss the orc warrior. Your grab misses the orc warrior.
You squeeze the orc warrior.
The orc warrior is moderately wounded.
The orc warrior hits you with a +0 halberd!
You take 16 damage, and have 56/72 hp.
MASSIVE DAMAGE!!
You barely miss the orc warrior. You grab the orc warrior.
You tentacle-slap the orc warrior.
The orc warrior is moderately wounded.
You constrict the orc warrior, but do no damage.
You bludgeon the orc warrior!
The orc warrior is severely wounded.
You constrict the orc warrior, but do no damage.
The orc warrior hits you with a +0 halberd!!
You take 18 damage, and have 39/72 hp.
MASSIVE DAMAGE!!
The orc warrior shouts!
You tentacle-slap the orc warrior.
The orc warrior is severely wounded.
You constrict the orc warrior.
The orc warrior hits you with a +0 halberd!
You take 16 damage, and have 23/72 hp.
MASSIVE DAMAGE!!
You tentacle-slap the orc warrior.
The orc warrior is almost dead.
You constrict the orc warrior.
You kill the orc warrior!
The Council accepts your kill.
You regained 2 hp, and now have 25/72 hp.
The orc warrior hits you from afar with a +0 glaive!
* * * LOW HITPOINT WARNING * * *
You take 15 damage, and have 10/72 hp.
MASSIVE DAMAGE!!
The orc warrior attacks as it pursues you!
The orc warrior hits you from afar with a +0 glaive!
You die...

...... ..... #...# #...#
#...# #...#
#####'')#########
........o.......##
....o..o..h......##
..⌠#######⌠.......##
≈....#####).)..#####..).≈#
≈...##.)))≈≈≈≈≈....##.).≈#
≈.o.#.⌠.≈≈≈...≈≈≈.⌠.#...≈#
≈...#..≈≈.)≈.≈..≈≈..#...≈#
≈..⌠#.≈≈.≈≈≈)≈≈≈.≈≈.#⌠..≈#
≈..##.≈.≈≈.)...≈≈.≈.##..≈#
≈.)#.≈≈.≈.≈≈≈≈≈.≈.≈≈.#..≈#


You could see 2 orc warriors and an orc.

Vanquished Creatures
  2 two-headed ogres
  Prince Ribbit (D:5)
  A hornet (D:9)
  Sigmund (D:5)
  A wraith (D:8)
  A vampire (D:9)
  A wyvern (D:8)
  A steam dragon (D:8)
  3 water moccasins
  Duvessa (D:7)
  4 ice beasts
  5 orc warriors (Bailey)
  A sky beast (D:6)
  A black bear (D:5)
  2 ogres
  5 centaurs
  2 phantoms
  3 kobold brigands
  3 bullfrogs
  A gnoll sergeant (D:9)
  A scorpion (D:5)
  6 wights
  Dowan (D:7)
  A jelly (D:8)
  5 orc priests
  3 gnoll boudas (D:7)
  2 hounds
  3 iguanas
  2 sleepcaps (D:5)
  10 orc wizards
  9 adders
  16 gnolls
  A shadow imp (D:6)
  3 white imps
  2 ufetubi (D:5)
  2 worms
  4 dart slugs
  36 orcs
  5 endoplasms
  3 giant cockroaches
  14 goblins
  7 hobgoblins
  6 jackals
  24 kobolds
  5 quokkas
  8 ball pythons
  5 bats
  4 frilled lizards
  4 rats
232 creatures vanquished.

Vanquished Creatures (others)
  A kobold (D:6)
1 creature vanquished.

Grand Total: 233 creatures vanquished

Notes
Turn   | Place    | Note
-------+----------+-------------------------------------------
     0 | D:1      | Dirtsage the Octopode Shapeshifter began the quest for the
                  | Orb.
     0 | D:1      | Reached XP level 1. HP: 13/13 MP: 1/1
    97 | D:1      | Found a faded altar of an unknown god.
   144 | D:1      | Reached XP level 2. HP: 14/18 MP: 2/2
   595 | D:1      | Reached XP level 3. HP: 23/23 MP: 3/3
   896 | D:2      | Identified the "Ikkuasch"
   994 | D:2      | Reached skill level 4 in Unarmed Combat
  1051 | D:2      | Reached XP level 4. HP: 26/29 MP: 4/4
  2068 | D:4      | Found an ornate altar of the Wu Jian Council.
  2093 | D:4      | Became a worshipper of the Wu Jian Council
  2115 | D:4      | Reached XP level 5. HP: 21/35 MP: 5/5
  2441 | D:4      | Noticed a centaur
  2448 | D:4      | Killed a centaur
  2449 | D:4      | Reached skill level 5 in Unarmed Combat
  2551 | D:4      | Reached XP level 6. HP: 41/41 MP: 6/6
  2924 | D:5      | Entered Level 5 of the Dungeon
  2938 | D:5      | You fall into a shaft and drop 2 floors!
  3253 | D:7      | Found a staircase to the Ecumenical Temple.
  3262 | D:7      | Reached * piety under Wu Jian
  3283 | D:7      | Reached XP level 7. HP: 17/46 MP: 7/7
  3444 | D:7      | Reached skill level 6 in Unarmed Combat
  3716 | D:5      | Reached skill level 7 in Unarmed Combat
  3716 | D:5      | Reached skill level 5 in Shapeshifting
  3716 | D:5      | Reached XP level 8. HP: 44/54 MP: 8/8
  3824 | D:5      | Noticed Prince Ribbit
  3834 | D:5      | Killed Prince Ribbit
  3863 | D:5      | Found a sacrificial altar of Ru.
  3870 | D:5      | Reached ** piety under Wu Jian
  3951 | D:5      | Noticed Edmund
  4007 | D:5      | Reached skill level 5 in Fighting
  4011 | D:5      | Reached skill level 8 in Unarmed Combat
  4322 | D:5      | Edmund changed into Edmund the goblin
  4322 | D:5      | Noticed Edmund
  4327 | D:5      | Killed Edmund the goblin
  4383 | D:5      | Noticed Sigmund
  4387 | D:5      | Killed Sigmund
  4388 | D:5      | Reached XP level 9. HP: 57/61 MP: 9/9
  4583 | D:6      | Reached skill level 9 in Unarmed Combat
  4778 | D:6      | Found a broken altar of Ashenzari.
  5072 | D:7      | Reached *** piety under Wu Jian
  5082 | D:7      | Noticed a two-headed ogre
  5095 | D:7      | Killed a two-headed ogre
  5098 | D:7      | Reached skill level 10 in Unarmed Combat
  5264 | D:7      | Noticed Dowan
  5265 | D:7      | Noticed Duvessa
  5278 | D:7      | Killed Duvessa
  5279 | D:7      | Reached XP level 10. HP: 68/69 MP: 10/10
  5284 | D:7      | Killed Dowan
  6260 | D:9      | Found an iron altar of Okawaru.
  6357 | D:9      | Reached skill level 11 in Unarmed Combat
  6430 | D:9      | Noticed a two-headed ogre
  6442 | D:9      | Killed a two-headed ogre
  6589 | D:9      | Reached **** piety under Wu Jian
  6696 | D:9      | Found a flagged portal.
  6702 | Bailey   | Entered a bailey
  6944 | Bailey   | Slain by an orc warrior

Illustrated notes

Levels and vault maps discovered:
D:1:      amcnicky_arrival_blooded_trapdoor, layout_basic,
          ebering_ecumenical_altar_hall, kennysheep_small_spiral,
          minmay_liquid_box, hangedman_feature_mirror
D:2:      layout_basic
D:3:      layout_rooms, minmay_parallelograms, minmay_misc_feat_nine_boxes,
          chequers_serial_rivers_micro_b
D:4:      layout_basic, lemuel_tele_altar
D:5:      layout_cave_pools, nicolae_ru_great_annihilating_truth,
          sigmund_edmund_badplayer, uniq_prince_ribbit1
D:6:      layout_rooms, marbit_many_paths
D:7:      layout_loops_cross, minmay_temple_entry_statues_fountains,
          uniq_duvessa
D:8:      layout_loops_ring
D:9:      layout_basic, nicolae_overflow_squiral,
          gammafunk_temple_overflow_wave, okawaru_trees_1, enter_bailey_3,
          serial_shops, shop
Bailey:   bailey_polearm_flooded_kennysheep, bailey

Skill      XL: |  1  2  3  4  5  6  7  8  9 10 |
---------------+-------------------------------+-----
Unarmed Combat | 4 5 7 8 10 11 | 11.9
Fighting       | 2 3 4 5 6 8 |  8.2
Shapeshifting  | 4 5 7 8 |  8.1
Dodging        | |  2.0

Action                     |  1- 3 |  4- 6 |  7- 9 | 10-12 || total
---------------------------+-------+-------+-------+-------++-------
  Melee: Unarmed           |    64 |    89 |   213 |   159 ||   525
         Constrict         |    19 |    27 |    55 |    31 ||   132
         Tentacles         |    12 |    24 |    52 |    47 ||   135
         Punch             |       |     4 |    16 |    13 ||    33
  Throw: Dart              |       |       |     1 |       ||     1
 Invoke: Serpent's Lash    |       |       |       |     1 ||     1
Ability: Lunge             |       |     8 |    34 |    34 ||    76
         Whirlwind         |       |     1 |    17 |     6 ||    24
  Evoke: Wand              |       |       |     7 |     8 ||    15
    Use: Potion            |       |     1 |     1 |       ||     2
         Scroll            |       |       |     5 |       ||     5
   Stab: Sleeping          |     4 |     6 |     4 |     3 ||    17
         Distracted        |       |       |     1 |       ||     1
         Paralysed         |       |       |     1 |       ||     1
 Armour: Skin              |    19 |    43 |    90 |    85 ||   237
  Dodge: Dodged            |    33 |    47 |   121 |    73 ||   274

Table legend: (Time is in decaauts)
 A = Elapsed time spent in this place.
 B = Non-inter-level travel time spent in this place.
 C = Inter-level travel time spent in this place.
 D = Time resting spent in this place.
 E = Time spent auto-exploring this place.
 F = Levels seen in this place.
 G = Mean time per level.
                   A        B        C        D        E       F      G
               +--------+--------+--------+--------+--------+-----+--------+
         Total |   6907 |   6659 |    248 |     24 |   5090 |  10 |  690.7 |
       Dungeon |   6671 |   6423 |    248 |     24 |   4977 |   9 |  741.2 |
        Bailey |    235 |    235 |      0 |      0 |    113 |   1 |  235.0 |
               +--------+--------+--------+--------+--------+-----+--------+

Top non-repeatable levels by time:
     D:7: 1105 daAuts
     D:4: 946 daAuts
     D:5: 940 daAuts
     D:1: 892 daAuts
     D:8: 771 daAuts
     D:2: 559 daAuts
     D:3: 542 daAuts
     D:6: 481 daAuts
     D:9: 433 daAuts
  Bailey: 235 daAuts
